 Dungeon Crawl Stone Soup version 0.29.1-12-g30fa7ad0bf (webtiles) character file.

Game seed: 2656755233914482382

4208 SkoopaTroopa the Carver (level 10, 0/79 HPs)
             Began as a Demonspawn Gladiator on Dec 21, 2022.
             Was an Elder of Okawaru.
             Slain by a vampire (1 damage)
             ... on level 7 of the Dungeon.
             The game lasted 00:20:44 (12254 turns).

SkoopaTroopa the Carver (Demonspawn Gladiator)     Turns: 12254, Time: 00:20:45

Health: 0/79       AC: 19    Str: 25    XL:     10   Next: 8%
Magic:  0/10       EV:  8    Int:  9    God:    Okawaru [****..]
Gold:   562        SH:  0    Dex: 15    Spells: 9/9 levels left

rFire   . . .      SeeInvis .   H - +0 long sword (vorpal)
rCold   . . .      Faith    .   (no shield)
rNeg    . . .      Spirit   +   C - +1 plate armour
rPois   .          Reflect  .   c - +0 helmet
rElec   .          Harm     .   (no cloak)
rCorr   .          Rampage  .   E - +0 pair of gloves
Will    .....                   (no boots)
Stlth   ..........              i - amulet of guardian spirit
HPRegen 0.23/turn               v - +6 ring of strength
MPRegen 0.12/turn               (no ring)

@: no status effects
A: yellow scales 2, foul stench 1, weakness stinger 2
a: Renounce Religion, Heroism, Finesse


You were on level 7 of the Dungeon.
You worshipped Okawaru.
Okawaru was greatly pleased with you.
You visited 2 branches of the dungeon, and saw 10 of its levels.
You also visited: Ossuary.

You collected 562 gold pieces.

Inventory:

Hand Weapons
 a - a +0 long sword
 D - the +7 dire flail of Responsibility {antimagic, rN+ Str+2}
   (You found it on level 6 of the Dungeon)

   It reduces the magical energy of the wielder, and disrupts the spells and
   magical abilities of those it strikes.
   Natural abilities and divine invocations are not affected.
   Str:       It affects your strength (+2).
   rN:        It protects you from negative energy.
 H - a +0 vorpal long sword (weapon)
 K - a +3 falchion
Missiles
 d - 3 throwing nets (quivered)
 e - a javelin
Armour
 c - a +0 helmet (worn)
 C - a +1 plate armour (worn)
 E - a +0 pair of gloves (worn)
Jewellery
 i - an amulet of guardian spirit (around neck)
 l - a ring of fire
 s - an amulet of regeneration
 v - a +6 ring of strength (left hand)
 J - an amulet of magic regeneration
 O - a ring of positive energy
Wands
 z - a wand of paralysis (13)
 A - a wand of digging (2)
 M - a wand of light (2)
Scrolls
 g - a scroll of immolation {unknown}
 k - a scroll of teleportation
 m - a scroll of acquirement {unknown}
 n - a scroll of amnesia
 o - a scroll of magic mapping
 q - a scroll of silence {unknown}
 r - a scroll of fear {unknown}
 t - 2 scrolls of blinking
 w - 2 scrolls of vulnerability {unknown}
 y - 5 scrolls of noise {unknown}
 B - a scroll of enchant armour
 G - 4 scrolls of identify
 N - a scroll of enchant weapon {unknown}
Potions
 b - 3 potions of flight
 f - 2 potions of curing
 h - a potion of cancellation
 j - a potion of brilliance
 p - a potion of mutation
 u - 2 potions of ambrosia
 x - 2 potions of lignification
 F - a potion of degeneration {unknown}
 I - a potion of invisibility {unknown}
 L - a potion of haste {unknown}


   Skills:
 + Level 7.6 Fighting
 * Level 10.0 Long Blades
 - Level 1.7 Throwing
 + Level 6.3 Armour
 - Level 2.6 Dodging
 + Level 1.1 Invocations


You had 9 spell levels left.
You didn't know any spells.
Your spell library contained the following spells:

 Spells                   Type           Power      Damage    Failure   Level
 Freeze                   Ice            0%         1d3       99%         1
 Sublimation of Blood     Necr           0%         N/A       100%        2
 Conjure Flame            Conj/Fire      0%         6-21      100%        3
 Dazzling Flash           Conj/Hex       0%         N/A       100%        3
 Frozen Ramparts          Ice            0%         1d1       100%        3
 Ignite Poison            Fire/Tmut/Pois 0%         N/A       100%        3
 Mephitic Cloud           Conj/Pois/Air  0%         N/A       100%        3
 Portal Projectile        Hex/Tloc       0%         N/A       100%        3
 Anguish                  Hex/Necr       0%         N/A       100%        4
 Hailstorm                Conj/Ice       0%         3d3       100%        4
 Leda's Liquefaction      Hex/Erth       0%         N/A       100%        4
 Petrify                  Tmut/Erth      0%         N/A       100%        4
 Sticky Flame             Conj/Fire      0%         2d3       100%        4
 Borgnjor's Vile Clutch   Necr/Erth      0%         N/A       100%        5
 Freezing Cloud           Conj/Ice/Air   0%         6-21      100%        5
 Irradiate                Conj/Tmut      0%         3d11      100%        5
 Metabolic Englaciation   Hex/Ice        0%         N/A       100%        5
 Conjure Ball Lightning   Conj/Air       0%         3x3d6     100%        6
 Dispersal                Tloc           0%         N/A       100%        6
 Discord                  Hex            0%         N/A       100%        8
 Disjunction              Tloc           0%         N/A       100%        8
 Call Canine Familiar     Summ           Unusable   N/A       N/A         3
 Summon Guardian Golem    Hex/Summ       Unusable   N/A       N/A         3
 Animate Dead             Necr           Unusable   N/A       N/A         4
 Death Channel            Necr           Unusable   N/A       N/A         6

Dungeon Overview and Level Annotations

Branches:
Dungeon (9/15)             Temple (1/1) D:7         Ossuary (visited)
   Lair: D:8-11         Orc: D:9-12

Altars:
Ashenzari
Cheibriados
Dithmenos
Fedhas
Gozag
Hepliaklqana
Kikubaaqudgha
Makhleb
Nemelex Xobeh
Okawaru
Qazlal
Ru
Sif Muna
Trog
Uskayaw
Vehumet
Wu Jian
Xom
Yredelemnul


Innate Abilities, Weirdness & Mutations

You are mostly covered in yellow scales. (AC +3)
You may rarely emit foul miasma when damaged in melee.
You have a tail ending in a sharp stinger.


Message History

You hit something but do no damage. Something hits you but does no damage.
Something bites you.
Something draws strength from your injuries!
You slash something!
Your tail-slap misses something.
Something draws life force from you.
You slash something! Something hits you.
* * * LOW HITPOINT WARNING * * *
Something bites you but does no damage. Something hits you but does no damage.
Something bites you but does no damage. Something hits you but does no damage.
Something bites you.
Something draws strength from your injuries!
You see here a +0 flail.
You hear some strange, mumbled words.
You are confused.
You bump into the rock wall.
You bump into the rock wall.
You feel like a meek peon again. Something hits you but does no damage.
Something bites you.
* * * LOW HITPOINT WARNING * * *
Something draws strength from your injuries!
You bump into the rock wall.
Something hits you but does no damage. Something bites you but does no damage.
You bump into the rock wall.
Something hits you.
* * * LOW HITPOINT WARNING * * *
Something bites you but does no damage.
You bump into the rock wall.
Something draws life force from you.
* * * LOW HITPOINT WARNING * * *
Something hits you but does no damage. Something bites you.
* * * LOW HITPOINT WARNING * * *
Something draws strength from your injuries!
You feel less confused. Something hits you but does no damage.
Something bites you but does no damage. Something hits you but does no damage.
Something bites you!
* * * LOW HITPOINT WARNING * * *
Something draws strength from your injuries!
There is a stone staircase leading down here.
Something hits you!
* * * LOW HITPOINT WARNING * * *
Something bites you.
You die...

#.# #)###...≈≈≈≈≈.....
#.####.###.............
##......#....<.#†>......
#...>..##.###..#........
#.#.......##..#########.
#.#....#####.## ##. #)#....#
#..# ##..
#.#....####.#########...
#.#####@.).............#
##..........##########..#
#..###...................
#####..###.....###########.##
#.........###### #..#
#.........# #.##
#.........###############.#
#.....................<...#
#.........#################


There were no monsters in sight!

Vanquished Creatures
  Maggie (D:8)
  Prince Ribbit (D:8)
  2 hornets (D:7)
  5 yaks (D:7)
  A wraith (D:6)
  2 water moccasins
  A black bear (D:3)
  2 ice beasts
  An orc warrior (D:5)
  2 sky beasts (D:8)
  2 ogres (D:4)
  A phantom (D:6)
  A kobold brigand (D:6)
  2 necrophages
  A scorpion (D:5)
  5 wights (D:7)
  5 killer bees (D:7)
  5 hounds
  A jelly (D:8)
  Natasha (thrice) (D:4)
  7 iguanas
  An orc wizard (D:5)
  8 mummies (Ossuary)
  6 adders
  A shadow imp (D:7)
  An ufetubus (D:6)
  4 dart slugs
  3 orcs
  7 ball pythons
  4 endoplasms
  7 giant cockroaches
  2 gnoll zombies (Ossuary)
  8 goblins
  6 hobgoblins
  15 kobolds
  2 quokkas (D:3)
  5 bats
  4 frilled lizards (D:1)
  A hobgoblin zombie (Ossuary)
  2 kobold zombies (Ossuary)
  3 orc zombies (Ossuary)
  7 rats
148 creatures vanquished.

Notes
Turn   | Place    | Note
-------+----------+-------------------------------------------
     0 | D:1      | SkoopaTroopa the Demonspawn Gladiator began the quest for
                  | the Orb.
     0 | D:1      | Reached XP level 1. HP: 16/16 MP: 1/1
   472 | D:1      | Reached skill level 3 in Long Blades
   563 | D:1      | Gained mutation: You have a small tail. [demonic ancestry]
   563 | D:1      | Reached XP level 2. HP: 21/22 MP: 2/2
  1661 | D:2      | Reached XP level 3. HP: 28/28 MP: 3/3
  2969 | D:3      | Found a faded altar of an unknown god.
  3329 | D:3      | Got the Secrets of Suicidal Tendencies
  3841 | D:2      | Reached skill level 4 in Long Blades
  3841 | D:2      | Gained mutation: You have a tail ending in a sharp stinger.
                  | [demonic ancestry]
  3841 | D:2      | Reached XP level 4. HP: 31/34 MP: 4/4
  3885 | D:4      | Reached skill level 1 in Armour
  3995 | D:4      | Noticed a necrophage
  4236 | D:3      | Reached XP level 5. HP: 11/41 MP: 1/5
  4485 | D:4      | Found a basalt altar of Yredelemnul.
  4490 | D:4      | Found an iron altar of Okawaru.
  4503 | D:4      | Became a worshipper of Warmaster Okawaru
  4719 | D:4      | Noticed a black bear
  4729 | D:5      | Entered Level 5 of the Dungeon
  4803 | D:3      | Killed a black bear
  4804 | D:3      | Reached skill level 5 in Long Blades
  4804 | D:3      | Gained mutation: You may rarely emit foul miasma when
                  | damaged in melee. [demonic ancestry]
  4804 | D:3      | Reached XP level 6. HP: 24/48 MP: 3/6
  4973 | D:4      | Noticed Natasha
  4984 | D:4      | Killed Natasha
  5427 | D:4      | Noticed Natasha
  5439 | D:4      | Killed Natasha
  5439 | D:4      | Reached * piety under Okawaru
  5442 | D:4      | Found a bloodstained altar of Trog.
  5813 | D:5      | Noticed an ice beast
  5823 | D:5      | Killed an ice beast
  5824 | D:5      | Gained mutation: You are partially covered in yellow
                  | scales. (AC +2) [demonic ancestry]
  5824 | D:5      | Reached XP level 7. HP: 14/55 MP: 2/7
  6129 | D:5      | Reached skill level 6 in Long Blades
  6363 | D:5      | Reached ** piety under Okawaru
  6553 | D:4      | Noticed Natasha
  6566 | D:4      | Killed Natasha
  6926 | D:5      | Reached skill level 5 in Fighting
  6926 | D:5      | Reached XP level 8. HP: 57/62 MP: 8/8
  7607 | D:6      | Reached skill level 7 in Long Blades
  7692 | D:6      | Identified the +7 dire flail of Responsibility {antimagic,
                  | rN+ Str+2}
  7818 | D:6      | Found a sand-covered staircase.
  7823 | Ossuary  | Entered an ossuary
  8987 | D:6      | Found a radiant altar of Vehumet.
  9142 | D:7      | Reached skill level 8 in Long Blades
  9339 | D:7      | Gained mutation: You are mostly covered in yellow scales.
                  | (AC +3) [demonic ancestry]
  9339 | D:7      | Reached XP level 9. HP: 61/69 MP: 7/9
  9347 | D:7      | Reached *** piety under Okawaru
  9348 | D:7      | Reached skill level 5 in Armour
  9597 | D:7      | Paralysed by a hornet for 1 turns
  9607 | D:7      | Paralysed by a hornet for 3 turns
  9612 | D:7      | Paralysed by a hornet for 2 turns
  9616 | D:7      | Reached skill level 9 in Long Blades
  9983 | D:7      | Found a staircase to the Ecumenical Temple.
  9997 | Temple   | Entered the Ecumenical Temple
 10538 | D:7      | Reached **** piety under Okawaru
 11269 | D:8      | Noticed Prince Ribbit
 11298 | D:8      | Killed Prince Ribbit
 11522 | D:7      | Reached XP level 10. HP: 62/79 MP: 8/10
 11646 | D:8      | Noticed Maggie
 11668 | D:8      | Killed Maggie
 11669 | D:8      | Reached skill level 10 in Long Blades
 11669 | D:8      | Reached skill level 1 in Invocations
 12254 | D:7      | HP: 1/79 [something (9)]
 12254 | D:7      | Slain by a vampire

Illustrated notes

Levels and vault maps discovered:
D:1:      dpeg_arrival_erosion, layout_basic
D:2:      layout_rooms
D:3:      minmay_door_path, layout_loops_corners,
          hellmonk_ecumenical_altar_pennies_from_heaven
D:4:      layout_cave_pools, chequers_temple_overflow_statue_of_worship,
          mainiacjoe_overflow_small_starburst, uniq_natasha
D:5:      layout_basic
D:6:      layout_rooms, mainiacjoe_overflow_alcove_4, enter_ossuary_2
D:7:      layout_rooms, minmay_temple_entry_drinking_statues,
          grunt_decor_junction
D:8:      layout_rooms, uniq_prince_ribbit1, uniq_maggie
D:9:      lemuel_castle_with_subvaults [lemuel_castle_interior_carwin_2],
          layout_irregular_city, minmay_orc_entry_temple_small,
          serial_column_ruins, column_ruins_hut, column_ruins_courtyard_long,
          column_ruins_open_small_water, column_ruins_open_medium,
          column_ruins_columns_corner, column_ruins_open_tiny,
          column_ruins_corridor_dead_end, nicolae_island_escapes
Temple:   dpeg_three_leaves_temple

Skill      XL: |  1  2  3  4  5  6  7  8  9 10 |
---------------+-------------------------------+-----
Long Blades    | 3 4 5 6 8 9 10 | 10.0
Armour         | 1 2 3 4 6 |  6.3
Fighting       | 3 4 5 6 7 |  7.6
Invocations    | 1 |  1.1
Throwing       | |  1.7
Dodging        | |  2.6

Action                   |  1- 3 |  4- 6 |  7- 9 | 10-12 || total
-------------------------+-------+-------+-------+-------++-------
Melee: Long sword        |   170 |   110 |   429 |    53 ||   762
       Tailslap          |    16 |     8 |    82 |    11 ||   117
       Punch             |       |       |     4 |     1 ||     5
Invok: Heroism           |       |       |     3 |     3 ||     6
  Use: Potion            |     2 |     1 |     9 |     1 ||    13
       Scroll            |       |     7 |     3 |       ||    10
 Stab: Sleeping          |     1 |       |       |       ||     1
Armor: Leather armour    |    46 |       |       |       ||    46
       Ring mail         |    37 |    49 |    16 |       ||   102
       Scale mail        |       |       |     9 |       ||     9
       Plate armour      |       |       |   240 |    48 ||   288
       Skin              |       |       |    19 |       ||    19
Dodge: Dodged            |   106 |    74 |   190 |    14 ||   384
